 Dungeon Crawl Stone Soup version 0.28-a0-224-g76b539d98b (webtiles) character file.

Game seed: 11285751513539789512

144 porpoise the Skirmisher (level 5, -1/61 HPs)
             Began as an Ogre Hunter on Aug 22, 2021.
             Slain by Crazy Yiuf (13 damage)
             ... on level 3 of the Dungeon.
             The game lasted 00:06:53 (2235 turns).

porpoise the Skirmisher (Ogre Hunter)               Turns: 2235, Time: 00:06:55

Health: -1/61      AC:  3    Str: 16    XL:     5   Next: 26%
Magic:  5/5        EV: 14    Int: 13    God:
Gold:   41         SH:  0    Dex:  9    Spells: 4/4 levels left

rFire   . . .      SeeInvis .   a - +0 mace
rCold   + . .      Faith    .   (no shield)
rNeg    . . .      Spirit   .   b - +0 robe
rPois   .          Reflect  .   (helmet restricted)
rElec   .          Harm     .   (no cloak)
rCorr   .          Rampage  .   (gloves unavailable)
Will    .....                   (boots unavailable)
Stlth   +.........              j - amulet of regeneration
HPRegen 1.20/turn               n - ring of protection from cold
MPRegen 0.09/turn               r - ring of flight

@: agile, flying, slowed, studying Stealth, very slow
A: large, unfitting armour, tough skin 1
a: no special abilities


You were on level 3 of the Dungeon.
You visited 1 branch of the dungeon, and saw 3 of its levels.

You collected 41 gold pieces.

Inventory:

Hand Weapons
 a - a +0 mace (weapon)
Missiles
 c - 4 large rocks
 d - 2 throwing nets
 e - 18 sling bullets
 g - 72 stones (quivered)
 l - 66 arrows
Armour
 b - a +0 robe (worn)
Jewellery
 j - an amulet of regeneration (around neck)
 n - a ring of protection from cold (left hand)
 o - an amulet of magic regeneration
 r - a ring of flight (right hand)
Scrolls
 h - 3 scrolls of identify {unknown}
 m - a scroll of enchant weapon {unknown}
 p - a scroll of fear {unknown}
Potions
 f - a potion of magic {unknown}
 i - 2 potions of resistance {unknown}
 k - a potion of curing {unknown}
 q - a potion of might {unknown}


   Skills:
 + Level 6.6 Fighting
 + Level 1.2 Maces & Flails
 - Level 4.0 Throwing
 - Level 1.7 Dodging
 - Level 0.6 Stealth


You had 4 spell levels left.
You didn't know any spells.
Your spell library was empty.

Dungeon Overview and Level Annotations

Branches:
Dungeon (3/15)

Altars:

Annotations:
D:3 Crazy Yiuf


Innate Abilities, Weirdness & Mutations

You are too large for most types of armour.
You have tough skin. (AC +1)


Message History

Crazy Yiuf draws strength from your wounds!
You closely miss Crazy Yiuf.
Crazy Yiuf is lightly wounded.
Crazy Yiuf hits you with a +2 quarterstaff of chaos!
Crazy Yiuf freezes you.
Crazy Yiuf laughs, "Island pizzabubble ladder!"
Crazy Yiuf barely misses you.
You hit Crazy Yiuf.
Crazy Yiuf is moderately wounded.
Crazy Yiuf hits you with a +2 quarterstaff of chaos!
Crazy Yiuf freezes you.
You barely miss Crazy Yiuf.
Crazy Yiuf is moderately wounded.
Crazy Yiuf flaps his cloak.
Crazy Yiuf misses you.
You hit Crazy Yiuf.
Crazy Yiuf is heavily wounded.
Crazy Yiuf closely misses you.
Crazy Yiuf cries, "Trifle chair light!"
Crazy Yiuf hits you with a +2 quarterstaff of chaos!
Crazy Yiuf draws strength from your wounds!
You hit Crazy Yiuf but do no damage.
Crazy Yiuf is lightly wounded.
Crazy Yiuf hits you with a +2 quarterstaff of chaos!
You are electrocuted!
You hit Crazy Yiuf.
Crazy Yiuf is heavily wounded.
Crazy Yiuf barely misses you.
You closely miss Crazy Yiuf.
Crazy Yiuf is heavily wounded.
Crazy Yiuf hits you with a +2 quarterstaff of chaos!
* * * LOW HITPOINT WARNING * * *
You feel yourself slow down. Crazy Yiuf hits you but does no damage.
You hit Crazy Yiuf but do no damage.
Crazy Yiuf is heavily wounded.
Crazy Yiuf hits you with a +2 quarterstaff of chaos.
* * * LOW HITPOINT WARNING * * *
You feel agile all of a sudden.
Crazy Yiuf hits you with a +2 quarterstaff of chaos!
You die...

##### #..)#
#...# ...
#g# ♣♣@♣
♣.♣♣ ♣♣.♣
♣.♣♣ ♣♣.♣♣
♣...♣♣
♣.♣..♣ .##..
##..## ....
.
#....####...
..


You could see Crazy Yiuf.

Vanquished Creatures
  A jelly (D:2)
  Natasha (D:3)
  5 adders (D:2)
  A worm (D:2)
  A dart slug (D:2)
  3 ball pythons
  5 endoplasms
  A giant cockroach (D:2)
  3 goblins
  3 hobgoblins
  3 jackals (D:1)
  5 bats
  2 frilled lizards
  5 kobolds
  4 rats
43 creatures vanquished.

Notes
Turn   | Place    | Note
-------+----------+-------------------------------------------
     0 | D:1      | porpoise the Ogre Hunter began the quest for the Orb.
     0 | D:1      | Reached XP level 1. HP: 22/22 MP: 1/1
   169 | D:1      | Reached skill level 3 in Fighting
   817 | D:1      | Reached XP level 2. HP: 32/32 MP: 2/2
  1013 | D:1      | Reached skill level 4 in Fighting
  1270 | D:2      | Reached XP level 3. HP: 40/40 MP: 3/3
  1415 | D:2      | Reached skill level 5 in Fighting
  1415 | D:2      | Reached XP level 4. HP: 50/50 MP: 4/4
  1570 | D:2      | Reached skill level 6 in Fighting
  1752 | D:2      | Found a faded altar of an unknown god.
  2026 | D:2      | Reached XP level 5. HP: 46/61 MP: 5/5
  2173 | D:3      | Noticed Natasha
  2176 | D:3      | Killed Natasha
  2177 | D:3      | Reached skill level 1 in Maces & Flails
  2222 | D:3      | Found a runed translucent door.
  2223 | D:3      | Noticed Crazy Yiuf
  2235 | D:3      | Slain by Crazy Yiuf

Illustrated notes

Levels and vault maps discovered:
D:1:      co_arrival_square_in_a_square_in_a_square, layout_basic,
          skrybe_limestone_x
D:2:      layout_rooms, ebering_ecumenical_altar_webs
D:3:      layout_rooms, serial_park_tiny_pond, uniq_jessica, uniq_natasha,
          uniq_crazy_yiuf_cottage, uniq_robin

Skill      XL: |  1  2  3  4  5 |
---------------+----------------+-----
Fighting       | 3 4 5 6 |  6.6
Maces & Flails | 1 |  1.2
Throwing       | |  4.0
Dodging        | |  1.7
Stealth        | |  0.6

Action                   |  1- 3 |  4- 6 || total
-------------------------+-------+-------++-------
Melee: Short sword       |    65 |    32 ||    97
       Mace              |       |    48 ||    48
Throw: Large rock        |     3 |     4 ||     7
       Stone             |       |    25 ||    25
 Stab: Sleeping          |     1 |       ||     1
Armor: Robe              |    13 |    33 ||    46
Dodge: Dodged            |    29 |    40 ||    69

Table legend: (Time is in decaauts)
 A = Elapsed time spent in this place.
 B = Non-inter-level travel time spent in this place.
 C = Inter-level travel time spent in this place.
 D = Time resting spent in this place.
 E = Time spent auto-exploring this place.
 F = Levels seen in this place.
 G = Mean time per level.
                   A        B        C        D        E       F      G
               +--------+--------+--------+--------+--------+-----+--------+
         Total |   2262 |   2207 |     55 |    917 |    789 |   3 |  754.0 |
       Dungeon |   2262 |   2207 |     55 |    917 |    789 |   3 |  754.0 |
               +--------+--------+--------+--------+--------+-----+--------+

Top non-repeatable levels by time:
     D:1: 1273 daAuts
     D:2: 918 daAuts
     D:3: 70 daAuts
